[Event "Titled Tuesday Blitz May 23 Late 2023"]
[White "Jaracz, Pawel"]
[Black "FoxOnTheRun97"]
[WhiteFideId "1102222"]
[WhiteElo "2438"]
[BlackElo "2561"]
[Result "1-0"]
[Round "06"]
[TimeControl "180+2"]
[Date "2023.05.23"]
[WhiteClock "0:00:15"]
[BlackClock "0:00:00"]

1. d4 Nf6 2. c4 e6 3. Nf3 d5 4. g3 Be7 5. Bg2 O-O 6. Qc2 c6 7. O-O Nbd7 8. Rd1 Ne4 9. Nc3 f5 10. Bf4 g5 11. Bc1 h6 12. b3 Ndf6 13. Bb2 Bd7 14. Ne5 Nxc3 15. Bxc3 Ne4 16. Be1 Be8 17. f3 Nf6 18. Bc3 Bd6 19. e4 fxe4 20. fxe4 Bxe5 21. dxe5 Ng4 22. Qe2 Bh5 23. exd5 cxd5 24. cxd5 Qe8 25. h3 Nf2 26. g4 Nxd1 27. Rxd1 Bg6 28. dxe6 Rc8 29. Qe3 Kh7 30. Rd7+ Kh8 31. e7 Rg8 32. e6+ Kh7 33. Qe5 Rxc3 34. Qxc3 Rg7 35. Qf6 Qc8 36. Rd8 Qc1+ 37. Bf1 Qc5+ 38. Kh2 Qxe7 39. Qxe7 Rxe7 40. Rd7 Rg7 41. e7 Be8 42. Bd3+ Kg8 43. Rxb7 1-0


[Site "https://www.chess.com"]

[Event "Titled Tuesday Blitz May 23 Late 2023"]
[White "Szpar, Milosz"]
[Black "Erzhanov, Arman"]
[WhiteFideId "1184989"]
[BlackFideId "4138821"]
[WhiteElo "2434"]
[BlackElo "2138"]
[Result "1-0"]
[Round "06"]
[TimeControl "180+2"]
[Date "2023.05.23"]
[WhiteClock "0:00:20"]
[BlackClock "0:00:09"]

1. e4 d6 2. d4 Nf6 3. Nc3 c6 4. Nf3 Bg4 5. h3 Bxf3 6. Qxf3 e6 7. g4 d5 8. Be3 Bb4 9. exd5 cxd5 10. Bd3 Nc6 11. Kf1 Rc8 12. Ne2 Be7 13. c3 O-O 14. Qg2 e5 15. dxe5 Nxe5 16. Rd1 Nxd3 17. Rxd3 Qa5 18. a3 Ne4 19. f3 Qb5 20. Rd1 Nd6 21. Bd4 Rfe8 22. Kg1 Qxb2 23. Nf4 Qb5 24. Kh2 Nc4 25. Nd3 Bd6+ 26. f4 Re4 27. Rhe1 Rce8 28. Ne5 Rxf4 29. Nxc4 dxc4 30. Rxe8+ Qxe8 31. Kh1 Re4 32. Bg1 Qe5 33. Rxd6 Qxd6 34. Qxe4 h6 35. Qxc4 Qg3 36. Qc8+ Kh7 37. Qf5+ Kg8 38. Qf1 Qxc3 39. a4 Qc6+ 40. Qg2 Qxa4 41. Qxb7 Qa3 42. Kh2 a5 43. Qc8+ Kh7 44. Qf5+ Kg8 45. Qc8+ Kh7 46. Qc2+ Kg8 47. Kg2 a4 48. Bd4 Qb4 49. Qc8+ Kh7 50. Qf5+ Kg8 51. Qe5 f6 52. Qe8+ Kh7 53. Qe4+ Kg8 54. Qd5+ Kh7 55. Kf3 a3 56. Qe4+ Kg8 57. Qe8+ Kh7 58. Qe3 Qc4 59. Qc3 Qd5+ 60. Ke3 a2 61. Qc2+ Kg8 62. Qc8+ Kh7 63. Qf5+ Qxf5 64. gxf5 g6 65. Kf4 g5+ 66. Kg4 Kg7 67. Kh5 Kf7 68. Kxh6 Ke7 69. Kg6 Kd6 70. Bxf6 Kd5 71. Ba1 Ke4 72. Kxg5 Kd3 73. f6 Kc2 74. f7 Kb1 75. Bh8 a1=Q 76. Bxa1 Kxa1 77. f8=Q Kb2 78. Qf3 1-0


[Site "https://www.chess.com"]

[Event "Titled Tuesday Blitz May 23 Late 2023"]
[White "Nazari, Arad"]
[Black "Bartel, Michal"]
[WhiteFideId "12577324"]
[BlackFideId "1119257"]
[WhiteElo "2175"]
[BlackElo "2282"]
[Result "0-1"]
[Round "06"]
[TimeControl "180+2"]
[Date "2023.05.23"]
[WhiteClock "0:00:00"]
[BlackClock "0:00:09"]

1. e4 e5 2. f4 exf4 3. Nf3 d6 4. Bc4 h6 5. h4 Nf6 6. Nc3 Bg4 7. d4 Nh5 8. Nd5 Be7 9. Qd3 Nc6 10. Nxf4 Bxf3 11. Qxf3 Bxh4+ 12. Kd1 Nxf4 13. Qxf4 Bf6 14. c3 Qe7 15. Bd5 Nd8 16. Re1 Bg5 17. Qg4 c6 18. e5 O-O 19. exd6 Qxd6 20. Bxg5 hxg5 21. Be4 Qf4 22. Qh5 f5 23. Bd3 Nf7 24. Kc2 Nh6 25. Qg6 Rf6 26. Bc4+ Kh8 27. Re8+ Rxe8 28. Qxe8+ Kh7 29. Rh1 Qe4+ 30. Qxe4 fxe4 31. Re1 Rf2+ 32. Kb3 b5 33. Be6 Rxg2 34. Rxe4 a5 35. Bd7 g4 36. Bxc6 Rg1 37. Re8 Kg6 38. Bxb5 g3 39. Bd3+ Kg5 40. Re5+ Kf4 41. Re4+ Kf3 42. Re5 g2 43. Rg5 Rd1 44. Bc2 g1=Q 45. Rf5+ Ke3 46. Re5+ Kd2 47. Rxa5 Rc1 48. Bh7 g6 49. Ra6 Nf5 50. Rxg6 Qd1+ 51. Ka3 Ne3 52. Rh6 Ra1 53. Rh2+ Kc1 54. Kb4 Rxa2 55. b3 Rxh2 0-1


[Site "https://www.chess.com"]

[Event "Titled Tuesday Blitz May 23 Late 2023"]
[White "Chen, Ryo"]
[Black "Fiorito, Francisco"]
[WhiteFideId "7003072"]
[BlackFideId "180165"]
[WhiteElo "2169"]
[BlackElo "2341"]
[Result "0-1"]
[Round "06"]
[TimeControl "180+2"]
[Date "2023.05.23"]
[WhiteClock "0:00:42"]
[BlackClock "0:00:28"]

1. e4 c5 2. Nf3 Nc6 3. d4 cxd4 4. Nxd4 g6 5. Nc3 Bg7 6. Nb3 Nf6 7. Be2 O-O 8. O-O d6 9. Bg5 h6 10. Bh4 a5 11. a4 Be6 12. Kh1 Bxb3 13. cxb3 Nb4 14. f4 Nd7 15. Rc1 Bf6 16. Bf2 Nc5 17. e5 Bg7 18. Bf3 Nbd3 19. Rc2 Nxf2+ 20. Rcxf2 dxe5 21. Rd2 Qe8 22. Nb5 e4 23. Be2 Qc6 24. Nd4 Qb6 25. Nb5 e3 26. Rd5 Ne4 27. Qc2 Nd2 28. Rd1 Rac8 29. Qd3 Rfd8 30. Nc3 Bxc3 31. bxc3 Rxd5 32. Qxd5 Rxc3 33. Bc4 Nxc4 34. bxc4 e2 35. Re1 Qf2 36. Qd2 Rc2 37. Qd8+ Kg7 38. h3 Qxe1+ 39. Kh2 Qf2 40. Qxe7 Qxf4+ 41. g3 e1=Q+ 42. Qe2 Qfxg3# 0-1


[Site "https://www.chess.com"]

[Event "Titled Tuesday Blitz May 23 Late 2023"]
[White "Matinian, Nikita"]
[Black "Tologon tegin, Semetei"]
[WhiteFideId "24129100"]
[BlackFideId "13800574"]
[WhiteElo "2422"]
[BlackElo "2247"]
[Result "1-0"]
[Round "06"]
[TimeControl "180+2"]
[Date "2023.05.23"]
[WhiteClock "0:01:39"]
[BlackClock "0:02:20"]

1. e4 c5 2. Nf3 d6 3. d4 cxd4 4. Nxd4 Nf6 5. Nc3 a6 6. h3 e5 7. Nb3 b5 8. a4 b4 9. Nd5 Nxd5 10. Qxd5 Ra7 11. Be3 Rd7 12. a5 Bb7 13. Qd2 Bxe4 14. Qxb4 Bxc2 15. Rc1 Bxb3 16. Bb6 d5 17. Qxb3 Rb7 18. Bb5+ axb5 19. Bxd8 Kxd8 20. Qxd5+ 1-0


[Site "https://www.chess.com"]

[Event "Titled Tuesday Blitz May 23 Late 2023"]
[White "Chos, Alexey"]
[Black "Hamitevici, Vladimir"]
[WhiteFideId "14117762"]
[BlackFideId "13902393"]
[WhiteElo "2234"]
[BlackElo "2401"]
[Result "0-1"]
[Round "06"]
[TimeControl "180+2"]
[Date "2023.05.23"]
[WhiteClock "0:00:57"]
[BlackClock "0:00:17"]

1. d4 g6 2. Nf3 Bg7 3. c4 d6 4. Nc3 Bg4 5. e3 Nc6 6. Be2 e5 7. O-O Nge7 8. d5 Nb8 9. Qb3 b6 10. Qb5+ Bd7 11. Qb3 O-O 12. e4 a5 13. a3 Na6 14. Be3 h6 15. Qc2 f5 16. exf5 gxf5 17. Rfd1 f4 18. Bc1 Nc5 19. Ne4 Nxe4 20. Bd3 Nc5 21. Bh7+ Kh8 22. Nh4 a4 23. Bd2 Bf6 24. Ng6+ Nxg6 25. Qxg6 Bg7 26. Bc3 Bf5 27. Qxf5 Rxf5 28. Bxf5 e4 29. Bd2 Qg5 30. Bh3 Bxb2 31. Rab1 Bg7 32. Re1 Re8 33. g3 e3 34. Kh1 Qg6 35. Bb4 exf2 36. Rxe8+ Qxe8 37. Bg2 fxg3 38. Rf1 Nd3 39. Bf3 Nxb4 40. axb4 a3 41. hxg3 a2 0-1


[Site "https://www.chess.com"]

[Event "Titled Tuesday Blitz May 23 Late 2023"]
[White "Baches Garcia, Guillermo"]
[Black "Martinez Ramirez, Lennis"]
[WhiteFideId "2209764"]
[BlackFideId "3509079"]
[WhiteElo "2529"]
[BlackElo "2410"]
[Result "1/2-1/2"]
[Round "06"]
[TimeControl "180+2"]
[Date "2023.05.23"]
[WhiteClock "0:00:07"]
[BlackClock "0:00:19"]

1. e4 c5 2. Nf3 Nc6 3. d4 cxd4 4. Nxd4 Nf6 5. Nc3 e5 6. Ndb5 d6 7. Nd5 Nxd5 8. exd5 Nb8 9. a4 Be7 10. Be2 O-O 11. Bd2 Nd7 12. a5 Nf6 13. Bb4 Bf5 14. O-O a6 15. Na3 Be4 16. Bf3 Rc8 17. Re1 Bg6 18. b3 e4 19. Be2 Nd7 20. Nc4 Qc7 21. Bh5 f5 22. Bxg6 hxg6 23. Qd2 Rfd8 24. Rad1 g5 25. f3 Nc5 26. Bxc5 Qxc5+ 27. Kh1 Bf6 28. fxe4 fxe4 29. Rxe4 Rc7 30. h3 Rf7 31. Rde1 Rdf8 32. Re8 g4 33. Rxf8+ Rxf8 34. hxg4 Kf7 35. g3 Rh8+ 36. Kg2 Rd8 37. Re6 Bd4 38. Qf4+ Kg8 39. Rxd6 Rf8 40. Qe4 Rf2+ 41. Kh3 Bf6 42. Qe8+ Kh7 43. Qh5+ Kg8 44. Qe8+ Kh7 45. Qh5+ Kg8 46. Qe8+ 1/2-1/2


[Site "https://www.chess.com"]

[Event "Titled Tuesday Blitz May 23 Late 2023"]
[White "Gritsenko, Nikolai"]
[Black "Reprintsev, Alexander"]
[WhiteFideId "14112493"]
[BlackFideId "14100541"]
[WhiteElo "2389"]
[BlackElo "2218"]
[Result "1-0"]
[Round "06"]
[TimeControl "180+2"]
[Date "2023.05.23"]
[WhiteClock "0:00:24"]
[BlackClock "0:00:05"]

1. d4 d5 2. Bg5 Nc6 3. e3 f6 4. Bh4 Nh6 5. Bd3 Nf5 6. Bg3 h5 7. Bxf5 Bxf5 8. h3 e6 9. a3 Bd6 10. Bxd6 Qxd6 11. Ne2 O-O-O 12. Nbc3 e5 13. Qd2 exd4 14. Nxd4 Nxd4 15. Qxd4 c5 16. Qa4 a6 17. O-O-O Bd7 18. Qa5 Bc6 19. Ne4 Qe5 20. Nxc5 d4 21. exd4 Rxd4 22. Rxd4 Qxd4 23. Rd1 Qxf2 24. b4 Qxg2 25. Qb6 Qxh3 26. Kb2 Qf3 27. Rd3 Qg2 28. Rc3 Qd5 29. Nxa6 Qd6 30. b5 h4 31. bxc6 1-0


[Site "https://www.chess.com"]

[Event "Titled Tuesday Blitz May 23 Late 2023"]
[White "benny_aizenberg"]
[Black "Kisic, Bozidar"]
[BlackFideId "16500350"]
[WhiteElo "2695"]
[BlackElo "2234"]
[Result "1-0"]
[Round "06"]
[TimeControl "180+2"]
[Date "2023.05.23"]
[WhiteClock "0:00:10"]
[BlackClock "0:00:00"]

1. f4 g6 2. e4 d5 3. e5 c5 4. Nf3 Nc6 5. Be2 f6 6. O-O Bg7 7. d4 cxd4 8. Nxd4 Nh6 9. c4 O-O 10. Nc3 fxe5 11. Nxc6 bxc6 12. cxd5 Nf5 13. dxc6 Nd4 14. Be3 Bf5 15. fxe5 Nxc6 16. Bf3 Rc8 17. Bxc6 Rxc6 18. Qd5+ Qxd5 19. Nxd5 Re6 20. Bg5 Bxe5 21. Nxe7+ Kg7 22. Nxf5+ gxf5 23. Rad1 Bxb2 24. Rd7+ Kg6 25. h4 h6 26. Bf4 Rg8 27. Kh2 Kh5 28. Kh3 Re2 29. Rd6 Rg6 30. g3 Bf6 31. Rd5 Rg8 32. Rxf5+ Kg6 33. Bxh6 Bxh4 34. Kxh4 Kxh6 35. Rh5+ Kg6 36. Rg5+ Kh7 37. Rf7+ Kh6 38. Rxg8 Rh2+ 39. Kg4 1-0


[Site "https://www.chess.com"]

[Event "Titled Tuesday Blitz May 23 Late 2023"]
[White "Sivakumar, Shaaketh"]
[Black "Goltsev, Dmitry"]
[WhiteFideId "30940176"]
[BlackFideId "24176710"]
[WhiteElo "2174"]
[BlackElo "2356"]
[Result "0-1"]
[Round "06"]
[TimeControl "180+2"]
[Date "2023.05.23"]
[WhiteClock "0:01:57"]
[BlackClock "0:01:37"]

1. e4 e6 2. d4 d5 3. Nd2 c5 4. c3 Nf6 5. e5 Ne4 6. Bd3 Nxd2 7. Bxd2 cxd4 8. cxd4 Nc6 9. Nf3 Be7 10. h4 Bd7 11. Qe2 Qb6 12. Be3 Nb4 13. Bb1 Bb5 14. Qd2 Rc8 15. a3 Qa5 16. Bg5 Rc1+ 17. Qxc1 Nd3+ 18. Kd1 Nxf2+ 19. Kc2 Bd3+ 20. Kb3 Bc4+ 21. Kc2 Bd3+ 22. Kb3 Qb5+ 23. Kc3 Ne4# 0-1


[Site "https://www.chess.com"]

[Event "Titled Tuesday Blitz May 23 Late 2023"]
[White "Haszon, David"]
[Black "Horvath, Dominik"]
[WhiteFideId "733610"]
[BlackFideId "1642561"]
[WhiteElo "2210"]
[BlackElo "2407"]
[Result "0-1"]
[Round "06"]
[TimeControl "180+2"]
[Date "2023.05.23"]
[WhiteClock "0:00:11"]
[BlackClock "0:00:18"]

1. d4 Nf6 2. Bf4 c5 3. e3 d5 4. Nd2 Nc6 5. Ngf3 Nh5 6. Bg5 h6 7. Bh4 g5 8. Ne5 Nxe5 9. Qxh5 cxd4 10. exd4 Ng6 11. Bg3 Qb6 12. Bd3 Bg7 13. Nb3 Qe6+ 14. Qe2 Qxe2+ 15. Kxe2 Bg4+ 16. f3 Bd7 17. c3 Nf4+ 18. Bxf4 gxf4 19. Nc5 Bc6 20. a4 Bf6 21. a5 Rg8 22. Rhg1 a6 23. g4 O-O-O 24. b4 e5 25. dxe5 Bxe5 26. Kd2 d4 27. c4 Bxf3 28. Rae1 f6 29. h3 Kb8 30. b5 Bd6 31. Ne6 Bb4+ 32. Kc2 Bxe1 33. Nxd8 Bxa5 34. Ne6 axb5 35. Nxd4 bxc4 36. Nxf3 cxd3+ 37. Kxd3 Re8 38. Rf1 Re3+ 39. Kc4 Bc7 40. h4 Re4+ 41. Kd5 Re2 42. Nd4 Rg2 43. Nf5 Rxg4 44. Ke6 Be5 45. h5 Rg5 46. Rh1 f3 47. Nxh6 f2 48. Rf1 Bd4 49. Nf5 Rg1 50. Rxf2 Bxf2 51. h6 Rh1 52. Kxf6 Be1 53. Kg6 Bd2 54. h7 b5 55. Ng7 Rh6+ 56. Kf5 Rxh7 57. Ne6 b4 58. Nd4 Bc3 59. Nb5 Rb7 60. Nd6 b3 0-1


[Site "https://www.chess.com"]

[Event "Titled Tuesday Blitz May 23 Late 2023"]
[White "Liu, Casper"]
[Black "Alex_Sahakyan2006"]
[WhiteFideId "1454153"]
[WhiteElo "2221"]
[BlackElo "2679"]
[Result "0-1"]
[Round "06"]
[TimeControl "180+2"]
[Date "2023.05.23"]
[WhiteClock "0:00:43"]
[BlackClock "0:00:27"]

1. d4 Nf6 2. Bf4 c5 3. e3 Qb6 4. Na3 d5 5. Nb5 Na6 6. c3 Bd7 7. a4 e6 8. h3 Be7 9. Nf3 c4 10. b3 Qa5 11. bxc4 Bxb5 12. axb5 Qxc3+ 13. Nd2 Nb4 14. Rc1 Nd3+ 15. Bxd3 Qxd3 16. Qb3 Qxb3 17. Nxb3 dxc4 18. Rxc4 Nd5 19. Be5 f6 20. Bg3 a5 21. Ke2 a4 22. Ra1 Nb6 23. Rc7 axb3 24. Rxa8+ Nxa8 25. Rc8+ Kd7 26. Rxh8 b2 27. Rxa8 b1=Q 28. Rb8 Qxb5+ 29. Kf3 Qh5+ 30. Ke4 Qf5# 0-1


[Site "https://www.chess.com"]

[Event "Titled Tuesday Blitz May 23 Late 2023"]
[White "Deviprasath, Sharvesh"]
[Black "Prohaszka, Peter"]
[WhiteFideId "30938228"]
[BlackFideId "726265"]
[WhiteElo "2168"]
[BlackElo "2626"]
[Result "0-1"]
[Round "06"]
[TimeControl "180+2"]
[Date "2023.05.23"]
[WhiteClock "0:02:05"]
[BlackClock "0:00:35"]

1. Nf3 d5 2. c4 d4 3. e3 Nc6 4. b4 dxe3 5. fxe3 Nxb4 6. d4 e5 7. Nc3 Bf5 8. Nxe5 Nc2+ 9. Kf2 Nxa1 10. Qf3 Nh6 11. Qxb7 Bd6 12. Nc6 Qc8 13. Qb2 Nc2 14. c5 Ng4+ 15. Kg1 Bxh2+ 16. Rxh2 Nxh2 17. Bb5 Kf8 18. Kxh2 Qe6 19. Ne5 Rb8 20. Nd7+ Qxd7 21. Bxd7 Rxb2 22. Bxb2 Bxd7 0-1


[Site "https://www.chess.com"]

[Event "Titled Tuesday Blitz May 23 Late 2023"]
[White "Janaszak, Dawid"]
[Black "Haydon, David L"]
[WhiteFideId "1119206"]
[BlackFideId "415405"]
[WhiteElo "2220"]
[BlackElo "2326"]
[Result "1/2-1/2"]
[Round "06"]
[TimeControl "180+2"]
[Date "2023.05.23"]
[WhiteClock "0:00:05"]
[BlackClock "0:01:06"]

1. d4 c6 2. e4 d5 3. exd5 cxd5 4. Bd3 Nf6 5. c3 Nc6 6. Bf4 Bg4 7. Qb3 Qd7 8. Nd2 e6 9. Ngf3 Bxf3 10. Nxf3 Bd6 11. Bxd6 Qxd6 12. O-O Rb8 13. Rae1 Nd7 14. Qc2 g6 15. Qe2 O-O 16. h4 Kg7 17. g3 Rbe8 18. Kg2 e5 19. dxe5 Ndxe5 20. Nxe5 Rxe5 21. Qf3 Rfe8 22. Rd1 Qc5 23. Qf4 h5 24. Rd2 R5e6 25. Qa4 a6 26. Rfd1 Re1 27. Qc2 R8e6 28. Rxe1 Rxe1 29. Re2 Rxe2 30. Qxe2 d4 31. cxd4 Qxd4 32. Be4 Qe5 33. Bf3 Qxe2 34. Bxe2 Nd4 35. Bf3 b6 36. Bb7 a5 37. Kf1 Kf6 38. Ke1 Ke5 39. Kd2 f6 40. Kd3 Nf5 41. Be4 Ne7 42. Bg2 g5 43. Kc4 gxh4 44. gxh4 Kd6 45. Bf3 Ng6 46. Bxh5 Nxh4 47. Kb5 Kc7 48. b4 axb4 49. Kxb4 Ng2 50. a4 Nf4 51. Bf3 Nd3+ 52. Kb5 Nxf2 53. a5 bxa5 54. Kxa5 Kd6 55. Kb4 Ke5 56. Kc3 Kf4 57. Bb7 Ke3 58. Bc8 Ne4+ 59. Kc2 Nd6 60. Bd7 Nc4 61. Kd1 Ne5 62. Be6 Nd3 63. Bc8 Nc5 64. Kc2 Kf4 65. Kd1 Ne4 66. Ke1 Nd6 67. Bd7 Ke5 68. Kf1 Ne4 69. Kg2 Nc5 70. Bc8 Nd3 71. Kh3 Nf4+ 72. Kg4 Ng6 73. Kh3 Ne7 74. Bd7 Kf4 75. Kg2 Nd5 76. Bc8 Ne3+ 77. Kg1 Nd5 78. Bd7 Ne7 79. Be6 Ke5 80. Bd7 Kd6 81. Bg4 Nd5 82. Bh3 Nf4 83. Bc8 Ne6 84. Kf2 Ke5 85. Bd7 Nc5 86. Bc8 Ne4+ 87. Ke3 Nd6 88. Bd7 Nc4+ 89. Kf2 Nb6 90. Bg4 Kf4 91. Be6 Na4 92. Bc8 Nc3 93. Be6 Ne4+ 94. Kg1 Ke5 95. Bc8 Ng5 96. Bd7 Ne6 97. Bc8 f5 98. Kf1 f4 99. Kf2 Nd4 100. Bd7 Nb3 101. Bc8 Nc5 102. Kf3 Ne4 103. Ke2 Ng5 104. Kf2 Ke4 105. Bb7+ Kf5 106. Ba8 Kg4 107. Bb7 Nf7 108. Bc8+ Kg5 109. Bb7 Ne5 110. Ba8 Nd3+ 111. Kf3 Nc5 112. Kf2 Kg4 113. Bc6 Nd3+ 114. Ke2 Ne5 115. Bb7 Kg3 116. Ba8 Ng4 117. Bb7 Nf6 118. Bc6 Nd7 119. Bxd7 f3+ 120. Kf1 f2 121. Bc6 Kh2 122. Kxf2 1/2-1/2


[Site "https://www.chess.com"]

[Event "Titled Tuesday Blitz May 23 Late 2023"]
[White "Maltsevskaya, Aleksandra"]
[Black "Cruz Mendez, Jean Marco"]
[WhiteFideId "24174041"]
[BlackFideId "3526402"]
[WhiteElo "2302"]
[BlackElo "2064"]
[Result "1/2-1/2"]
[Round "06"]
[TimeControl "180+2"]
[Date "2023.05.23"]
[WhiteClock "0:00:08"]
[BlackClock "0:00:32"]

1. Nf3 Nf6 2. g3 g6 3. Bg2 Bg7 4. O-O O-O 5. d4 d6 6. c4 c5 7. dxc5 dxc5 8. Nc3 Nc6 9. Nd5 Be6 10. Ng5 Bxd5 11. cxd5 Nb4 12. e4 h6 13. Nh3 Nd7 14. a3 Na6 15. Rb1 Rc8 16. b4 c4 17. Be3 Qc7 18. Nf4 Ne5 19. Qc2 Nb8 20. b5 b6 21. Ne2 Ng4 22. Bd4 Ne5 23. f4 Nd3 24. e5 Nd7 25. Qc3 g5 26. e6 Nf6 27. fxg5 hxg5 28. exf7+ Rxf7 29. Rf5 g4 30. Rbf1 Qd6 31. Nf4 Nxf4 32. R1xf4 Kf8 33. h3 gxh3 34. Bxh3 Rc7 35. Bg2 Qd7 36. g4 Qxb5 37. g5 Qb1+ 38. Rf1 Qd3 39. gxf6 exf6 40. d6 Rcd7 41. Bc6 Rxd6 42. Qxd3 cxd3 43. Rd5 Rxc6 44. Rd8+ Ke7 45. Ra8 Ke6 46. Rd1 Kd5 47. Rxd3 Kc4 48. Rd1 Rd6 49. Rc8+ Kb5 50. Rb1+ Ka6 51. Bf2 Rfd7 52. Kg2 f5 53. Rc4 Rd3 54. a4 Kb7 55. a5 Bd4 56. axb6 axb6 57. Rcb4 Bxf2 58. Kxf2 Rd2+ 59. Ke3 R7d6 60. Rxb6+ Rxb6 61. Rxb6+ Kxb6 62. Kxd2 Kc5 63. Ke3 Kd5 64. Kf4 Ke6 65. Kf3 Ke5 66. Ke3 f4+ 67. Kf3 Kf5 68. Kf2 Ke4 69. Ke2 f3+ 70. Kf2 Kf4 71. Kf1 Ke3 72. Ke1 f2+ 73. Kf1 Kf3 1/2-1/2


[Site "https://www.chess.com"]

[Event "Titled Tuesday Blitz May 23 Late 2023"]
[White "Vlassov, Nikolai"]
[Black "Przybylski, Wojciech"]
[WhiteFideId "4103360"]
[BlackFideId "1117599"]
[WhiteElo "2324"]
[BlackElo "2222"]
[Result "1-0"]
[Round "06"]
[TimeControl "180+2"]
[Date "2023.05.23"]
[WhiteClock "0:00:19"]
[BlackClock "0:00:03"]

1. e4 c5 2. c3 d5 3. exd5 Qxd5 4. d4 Nf6 5. Nf3 e6 6. a3 Nc6 7. Be3 cxd4 8. cxd4 Be7 9. Nc3 Qd7 10. Bb5 O-O 11. Qa4 Qd6 12. O-O Bd7 13. Ne5 a6 14. Bxc6 Bxc6 15. Nxc6 Qxc6 16. Qxc6 bxc6 17. Rac1 Nd5 18. Na4 Rfc8 19. Rc2 a5 20. Rfc1 Ra6 21. Kf1 Kf8 22. Ke2 Ke8 23. Kd3 Kd7 24. Bd2 Rb8 25. g3 Rb3+ 26. Ke2 h5 27. Bc3 g5 28. Rd1 g4 29. Rd3 f5 30. Bd2 Rb8 31. Kf1 h4 32. gxh4 f4 33. Nc3 Bd6 34. Ne4 Rh8 35. h3 Rxh4 36. hxg4 Rxg4 37. Rc5 a4 38. Rxd5 cxd5 39. Nf6+ Ke7 40. Nxg4 Rb6 41. Bc3 Kf7 42. Ne5+ Bxe5 43. dxe5 Kg6 44. Rd4 Kf5 45. Rxa4 Rc6 46. Ke2 Rc8 47. Kf3 Rh8 48. Rxf4+ Kg5 49. Rg4+ Kf5 50. a4 Rh3+ 51. Rg3 Rh4 52. a5 d4 53. Bd2 Rh7 54. Rg5# 1-0


[Site "https://www.chess.com"]

[Event "Titled Tuesday Blitz May 23 Late 2023"]
[White "Javakhadze, Zurab"]
[Black "Bilan, Danila"]
[WhiteFideId "13603647"]
[BlackFideId "24161918"]
[WhiteElo "2381"]
[BlackElo "2182"]
[Result "1-0"]
[Round "06"]
[TimeControl "180+2"]
[Date "2023.05.23"]
[WhiteClock "0:00:33"]
[BlackClock "0:00:00"]

1. d4 d5 2. c4 c6 3. Nc3 Nf6 4. e3 e6 5. Nf3 Nbd7 6. Be2 Bd6 7. O-O O-O 8. b3 dxc4 9. bxc4 e5 10. Qc2 Re8 11. h3 Qe7 12. Bb2 e4 13. Nd2 Nf8 14. Rae1 Ng6 15. f4 exf3 16. Bxf3 Bg3 17. Re2 Nh4 18. e4 Nxf3+ 19. Rxf3 Nh5 20. e5 Qh4 21. Nce4 Bf4 22. Nf1 Bf5 23. Qc3 g6 24. g3 Qxh3 25. Nf2 1-0


[Site "https://www.chess.com"]

[Event "Titled Tuesday Blitz May 23 Late 2023"]
[White "Rosen, Eric"]
[Black "Toniutti, Ezio"]
[WhiteFideId "2032562"]
[BlackFideId "113034"]
[WhiteElo "2331"]
[BlackElo "2215"]
[Result "1-0"]
[Round "06"]
[TimeControl "180+2"]
[Date "2023.05.23"]
[WhiteClock "0:00:04"]
[BlackClock "0:00:05"]

1. d4 d5 2. Bf4 Nf6 3. e3 e6 4. Nf3 Bd6 5. Ne5 O-O 6. Nd2 c5 7. c3 Qc7 8. Bd3 Nbd7 9. Ndf3 Ne4 10. O-O f6 11. Nxd7 Bxd7 12. Qc2 Bxf4 13. exf4 Qxf4 14. dxc5 Rac8 15. Bxe4 dxe4 16. Qd2 Qc7 17. Nd4 Qxc5 18. Rfe1 f5 19. Rad1 Rfd8 20. Qg5 h6 21. Qg6 Qe7 22. f3 exf3 23. Nxf3 Qf7 24. Qg3 Bc6 25. Ne5 Qf6 26. Ng6 Kh7 27. Nf4 Be4 28. h4 e5 29. Nh3 f4 30. Qg4 Bf5 31. Qf3 Rxd1 32. Rxd1 Qxh4 33. Nf2 Re8 34. Ne4 Qg4 35. Qd3 Qg6 36. Re1 Bxe4 37. Rxe4 Re6 38. Qe2 Qf5 39. Kf2 b6 40. c4 Qf6 41. b4 Qf5 42. a4 g5 43. c5 bxc5 44. bxc5 g4 45. Qc2 g3+ 46. Ke2 Kg6 47. c6 Rd6 48. c7 Rd4 49. c8=Q Rxe4+ 50. Kd1 Rd4+ 51. Kc1 Qxc2+ 52. Qxc2+ Kg5 53. Qh7 f3 54. Qg7+ Kf4 55. Qf7+ Ke3 56. Qxf3# 1-0


[Site "https://www.chess.com"]

[Event "Titled Tuesday Blitz May 23 Late 2023"]
[White "Mirimanian, Hayk"]
[Black "SergioMoralesG"]
[WhiteFideId "4700180"]
[WhiteElo "2280"]
[BlackElo "2466"]
[Result "1-0"]
[Round "06"]
[TimeControl "180+2"]
[Date "2023.05.23"]
[WhiteClock "0:00:06"]
[BlackClock "0:00:05"]

1. e4 c5 2. Nf3 e6 3. d4 cxd4 4. Nxd4 Nc6 5. Nc3 Qc7 6. Be3 a6 7. g4 h6 8. h4 Nf6 9. Rg1 h5 10. Nxc6 bxc6 11. g5 Ng4 12. Rxg4 hxg4 13. Qxg4 Bb4 14. O-O-O Qh2 15. Bh3 d5 16. exd5 cxd5 17. g6 Bxc3 18. gxf7+ Kxf7 19. bxc3 Qd6 20. Rg1 Rh7 21. Qg6+ Kg8 22. Bd4 Qf4+ 23. Kb2 Rb8+ 24. Ka1 Qf7 25. Qg3 Qb7 26. c4 dxc4 27. h5 c3 28. Bxc3 Qc6 29. Bxg7 Kf7 30. Qg6+ Ke7 31. Qxh7 Kd6 32. Rd1+ Kc5 33. Bd4+ Kc4 34. Qd3+ Kd5 35. Bg2+ Kd6 36. Be5+ Kxe5 37. Bxc6 Bb7 38. Qd6+ 1-0


[Site "https://www.chess.com"]

[Event "Titled Tuesday Blitz May 23 Late 2023"]
[White "Kaplan, Avi Harrison"]
[Black "HamedWafa4"]
[WhiteFideId "30934559"]
[WhiteElo "1983"]
[BlackElo "2631"]
[Result "0-1"]
[Round "06"]
[TimeControl "180+2"]
[Date "2023.05.23"]
[WhiteClock "0:00:02"]
[BlackClock "0:00:07"]

1. d4 Nf6 2. Nc3 d5 3. Bf4 e6 4. Nb5 Na6 5. Nf3 c6 6. Nc3 Bb4 7. e3 Bxc3+ 8. bxc3 Qa5 9. Be2 Qxc3+ 10. Kf1 O-O 11. Ne5 Nd7 12. h4 Nxe5 13. Bxe5 f6 14. Bg3 Nb4 15. Rb1 a5 16. Bd3 Nxd3 17. cxd3 Qa3 18. h5 Qe7 19. h6 g6 20. a4 e5 21. dxe5 fxe5 22. d4 Qg5 23. Kg1 e4 24. Bf4 Qf5 25. Be5 Qxf2+ 26. Kh2 Qxe3 27. Rf1 Qxh6+ 28. Kg1 Qe3+ 29. Kh2 Qh6+ 30. Kg1 Rxf1+ 31. Qxf1 Qf8 32. Qe2 Qe7 33. Rf1 Bf5 34. Qe3 Rf8 35. Qg3 Qe6 36. Qh4 c5 37. Qh6 Rf7 38. Qg5 cxd4 39. Bxd4 Qe7 40. Qe3 h5 41. Bc3 Kh7 42. Qd4 Qd8 43. Rb1 Rc7 44. Ba1 Qc8 45. Rf1 Qf8 46. Rb1 Qc5 47. Qxc5 Rxc5 48. Rxb7+ Kh6 49. Bd4 Rc1+ 50. Kf2 g5 51. Rb6+ Kh7 52. Rb7+ Kg6 53. Rb6+ Kh7 54. Rb7+ Kh6 55. Rb6+ Bg6 56. Kg3 Rd1 57. Be5 Rd3+ 58. Kh2 h4 59. Rb8 g4 60. Bf6 g3+ 61. Kh3 Bf5+ 62. Kxh4 Kg6 63. Be5 e3 64. Kxg3 Rd2 65. Bf4 d4 66. Rb6+ Kf7 67. Rb7+ Ke6 68. Rb5 Kf6 69. Rb6+ Kf7 70. Rb5 Be4 71. Be5 Rxg2+ 72. Kf4 Bc6 73. Rb6 Rf2+ 74. Kg5 e2 75. Rxc6 e1=Q 76. Rc7+ Ke6 77. Rg7 Qg1+ 78. Bg3 Qxg3+ 79. Kh6 Rh2# 0-1


[Site "https://www.chess.com"]

[Event "Titled Tuesday Blitz May 23 Late 2023"]
[White "NikaVolkov"]
[Black "Buchenau, Frank"]
[BlackFideId "4604350"]
[WhiteElo "2628"]
[BlackElo "2157"]
[Result "1-0"]
[Round "06"]
[TimeControl "180+2"]
[Date "2023.05.23"]
[WhiteClock "0:02:12"]
[BlackClock "0:00:37"]

1. Nf3 Nf6 2. e3 b6 3. d4 Bb7 4. c4 e6 5. Nc3 Bb4 6. Bd3 O-O 7. O-O Bxc3 8. bxc3 d6 9. Nd2 e5 10. Qc2 c5 11. d5 Qe7 12. f4 exf4 13. exf4 Nbd7 14. Nf3 Rfe8 15. Bd2 Ne4 16. Rae1 f5 17. g4 Qf7 18. Ng5 Nxg5 19. fxg5 Rxe1 20. Bxe1 Ne5 21. Bxf5 Qe7 22. Bxh7+ Kh8 23. Bf5 Qxg5 24. Qg2 Qe3+ 25. Kh1 Rf8 26. Bg3 g6 27. Re1 Qxc3 28. Qh3+ Kg7 29. Bxe5+ dxe5 30. Qxc3 1-0


[Site "https://www.chess.com"]

[Event "Titled Tuesday Blitz May 23 Late 2023"]
[White "Piesik, Piotr"]
[Black "Rodriguez, Santiago"]
[WhiteFideId "1136194"]
[BlackFideId "3000591"]
[WhiteElo "2299"]
[BlackElo "2249"]
[Result "0-1"]
[Round "06"]
[TimeControl "180+2"]
[Date "2023.05.23"]
[WhiteClock "0:01:34"]
[BlackClock "0:01:30"]

1. Nf3 Nf6 2. g3 e6 3. Bg2 d5 4. O-O Be7 5. d3 O-O 6. Nbd2 c5 7. e4 Nc6 8. Re1 b5 9. e5 Nd7 10. c3 a5 11. Nf1 Qc7 12. Bf4 Bb7 13. h4 Rfc8 14. h5 h6 15. g4 Qd8 16. Qd2 d4 17. Ng3 dxc3 18. bxc3 b4 19. Ne4 bxc3 20. Qxc3 Nd4 21. Nxd4 cxd4 22. Qxd4 Nc5 23. Qxd8+ Rxd8 24. Nxc5 Bxg2 25. Nxe6 fxe6 26. Kxg2 Rxd3 27. Rad1 Rad8 28. Rd2 Rxd2 29. Bxd2 Rxd2 0-1


[Site "https://www.chess.com"]